 Dungeon Crawl Stone Soup version 0.29-a0-389-gd8082fcd2d (webtiles) character file.

Game seed: 13287466425033874778

18795 Gargoyl the Cleaver (level 12, -20/120 HPs)
             Began as a Gargoyle Berserker on May 8, 2022.
             Was an Elder of Trog.
             Demolished by Rupert
             ... wielding a +0 great mace of protection
              (22 damage)
             ... on level 4 of the Lair of Beasts.
             The game lasted 00:13:46 (12925 turns).

Gargoyl the Cleaver (Gargoyle Berserker)           Turns: 12925, Time: 00:13:47

Health: -20/120    AC: 22    Str: 22    XL:     12   Next: 62%
Magic:  0/12       EV: 17    Int:  8    God:    Trog [****..]
Gold:   795        SH:  0    Dex: 13    Spells: 11/11 levels left

rFire   . . .      SeeInvis .   c - +4 broad axe (elec)
rCold   + . .      Faith    .   (no shield)
rNeg    + . .      Spirit   +   d - +0 ring mail
rPois   ∞          Reflect  .   g - +2 helmet
rElec   +          Harm     .   (no cloak)
rCorr   .          Rampage  .   (no gloves)
Will    ++...                   s - +1 pair of boots
Stlth   ..........              e - amulet of guardian spirit
HPRegen 1.30/turn               p - +4 ring of evasion
MPRegen 0.13/turn               r - ring of protection from cold

@: berserking, strong-willed (expiring), regenerating (expiring), studying
Dodging, very quick
A: sickness immunity, AC +8, negative energy resistance 1, electricity
resistance, torment resistance 1, petrification resistance, mutation resistance
1, shaggy fur 1
a: Renounce Religion, Berserk, Trog's Hand, Brothers in Arms


You were on level 4 of the Lair of Beasts.
You worshipped Trog.
Trog was greatly pleased with you.
You visited 2 branches of the dungeon, and saw 13 of its levels.

You collected 795 gold pieces.

Inventory:

Hand Weapons
 a - a +0 hand axe
 c - a +4 broad axe of electrocution (weapon)
Missiles
 l - 34 poisoned darts (quivered)
 m - 3 throwing nets
Armour
 d - a +0 ring mail (worn)
 g - a +2 helmet (worn)
 s - a +1 pair of boots (worn)
Jewellery
 b - a ring of flight
 e - an amulet of guardian spirit (around neck)
 p - a +4 ring of evasion (left hand)
 r - a ring of protection from cold (right hand)
 z - a +4 ring of evasion
 A - a ring of magical power
Wands
 h - a wand of acid (7)
 j - a wand of flame (35)
 n - a wand of mindburst (26)
 o - a wand of digging (4)
Scrolls
 t - a scroll of identify
 v - a scroll of fear
 y - 2 scrolls of teleportation
 B - a scroll of fog
 C - a scroll of silence {unknown}
Potions
 f - a potion of degeneration {unknown}
 i - 3 potions of might
 k - 7 potions of ambrosia
 q - a potion of brilliance
 u - 3 potions of flight
 w - a potion of resistance
 x - a potion of berserk rage {unknown}


   Skills:
 + Level 11.0 Fighting
 + Level 13.7 Axes
 + Level 0.2 Throwing
 + Level 8.6 Armour
 + Level 6.6 Dodging
 + Level 3.9 Stealth


You had 11 spell levels left.
You didn't know any spells.
Your spell library was empty.

Dungeon Overview and Level Annotations

Branches:
Dungeon (9/15)             Temple (0/1) D:5            Lair (4/6) D:8
 Spider (0/4) Lair:2
  Swamp: Lair:2-4    Shoals: Lair:2-4       Orc: D:9-12

Altars:
Kikubaaqudgha
Makhleb
Okawaru
Qazlal
Xom
Yredelemnul
Zin

Annotations:
Lair:2 Lahyump's ghost, journeyman DjCj
Lair:4 Rupert


Innate Abilities, Weirdness & Mutations

You are immune to sickness and miasma.
Your stone body is resilient. (AC +8)
You are immune to poison.
You resist negative energy. (rN+)
You are resistant to electric shocks. (rElec)
You are resistant to unholy torment.
You are immune to petrification.
You are somewhat resistant to further mutation.
You are covered in fur. (AC +1)


Message History

Rupert hits you but does no damage.
A red film seems to cover your vision as you go berserk!
You feel yourself moving faster!
You feel mighty! Rupert closely misses you.
You are too berserk!
You hit Rupert.
Rupert is lightly wounded.
Rupert hits you with a +0 great mace of protection!
You hit Rupert.
Rupert is lightly wounded.
Rupert barely misses you.
You slash Rupert!
Rupert is lightly wounded.
Rupert hits you with a +0 great mace of protection!
You slice Rupert!! Lightning courses through Rupert!!
Rupert is moderately wounded.
Rupert barely misses you.
You completely miss Rupert.
Rupert is moderately wounded.
Rupert hits you with a +0 great mace of protection!!
You slash Rupert! Lightning courses through Rupert!!
Rupert is heavily wounded.
You barely miss Rupert.
Rupert is heavily wounded.
Rupert misses you.
You closely miss Rupert.
Rupert is heavily wounded.
Rupert closely misses you.
You slice Rupert!!
Rupert is heavily wounded.
Rupert hits you with a +0 great mace of protection!!
* * * LOW HITPOINT WARNING * * *
You slice Rupert!!
Rupert is severely wounded.
Rupert hits you with a +0 great mace of protection!
* * * LOW HITPOINT WARNING * * *
You slice Rupert!!
Rupert is almost dead.
You feel the effects of Trog's Hand fading.
Rupert hits you with a +0 great mace of protection!!
You die...

### ####P## .####.....#
P....#.P...##
.......#.P..#### ##
...#.P.##..###.##.######
#...#..................#
#(...#....P#.###@...##.
.................@.##
P#.......#..P#......#
.#...<...>............
......#.#########.#.###
..#...### .### .##..##
.# .#...# .. .....#


You could see Rupert (berserk).

Vanquished Creatures
  A hydra (Lair:1)
  A two-headed ogre (D:8)
  A dancing weapon (Lair:1)
  The ghost of Bruhh the Fighter, a novice DjEE of Elyvilon (Lair:1)
  Urug (Lair:3)
  Pikel (D:7)
  A wolf spider (Lair:2)
  An elephant (Lair:3)
  4 black mambas
  5 cane toads
  A rime drake (Lair:1)
  4 komodo dragons
  A queen bee (Lair:3)
  2 polar bears
  A blink frog (Lair:3)
  2 jumping spiders (Lair:2)
  A culicivora (Lair:2)
  5 wyverns
  13 yaks
  4 basilisks
  A redback (Lair:2)
  An acid dragon (D:7)
  7 water moccasins
  3 orc warriors (D:8)
  2 ice beasts (D:6)
  The ghost of MrShunz the Cudgeller, an amateur MiBe of Trog (D:3)
  A sky beast (D:7)
  A centaur (D:8)
  6 wolves (Lair:3)
  A lemure (D:7)
  A kobold brigand (D:6)
  A necrophage (D:7)
  11 bullfrogs
  3 scorpions (D:5)
  9 wights
  37 killer bees
  3 electric eels (Lair:1)
  4 crimson imps (D:5)
  2 hounds
  2 jellies
  An orc priest (D:5)
  Jessica (D:2)
  2 iguanas
  7 orc wizards
  A hell rat (Lair:3)
  11 gnolls
  8 adders
  A river rat (Lair:3)
  A shadow imp (D:8)
  A white imp (D:7)
  2 worms
  3 dart slugs
  31 orcs
  5 ball pythons
  7 endoplasms
  A giant cockroach (D:3)
  3 goblins
  7 hobgoblins
  2 jackals (D:2)
  A quokka (D:5)
  7 bats
  3 frilled lizards
  11 kobolds
  5 rats
270 creatures vanquished.

Vanquished Creatures (others)
  10 fungi
  18 plants
28 creatures vanquished.

Grand Total: 298 creatures vanquished

Notes
Turn   | Place    | Note
-------+----------+-------------------------------------------
     0 | D:1      | Gargoyl the Gargoyle Berserker began the quest for the Orb.
     0 | D:1      | Reached XP level 1. HP: 14/14 MP: 1/1
   650 | D:1      | Reached XP level 2. HP: 19/19 MP: 2/2
   898 | D:2      | Identified a scroll of acquirement
   898 | D:2      | Acquired a +1 broad axe of electrocution
   948 | D:2      | Reached skill level 3 in Axes
  1022 | D:2      | Noticed Jessica
  1031 | D:2      | Killed Jessica
  1032 | D:2      | Reached XP level 3. HP: 11/24 MP: 3/3
  1796 | D:2      | Reached XP level 4. HP: 29/29 MP: 4/4
  2183 | D:3      | Noticed MrShunz's ghost (amateur MiBe)
  2184 | D:3      | Found a runed translucent gate.
  2188 | D:3      | Found a runed translucent gate.
  2188 | D:3      | Found a runed translucent gate.
  2203 | D:3      | Killed MrShunz's ghost
  2204 | D:3      | Reached skill level 4 in Axes
  2204 | D:3      | Reached XP level 5. HP: 15/33 MP: 5/5
  2633 | D:3      | Reached ** piety under Trog
  2710 | D:3      | Reached XP level 6. HP: 16/39 MP: 6/6
  2826 | D:3      | Found an iron altar of Okawaru.
  3332 | D:4      | Gained mutation: You are somewhat resistant to further
                  | mutation. [potion of mutation]
  3332 | D:4      | Gained mutation: You are covered in fur. (AC +1) [potion of
                  | mutation]
  4001 | D:5      | Entered Level 5 of the Dungeon
  4035 | D:5      | Found an ancient bone altar of Kikubaaqudgha.
  4040 | D:5      | Reached skill level 5 in Axes
  4147 | D:5      | Reached XP level 7. HP: 28/44 MP: 7/7
  4296 | D:5      | Reached skill level 5 in Fighting
  4298 | D:5      | Reached *** piety under Trog
  4320 | D:5      | Found a shimmering altar of Xom.
  4342 | D:5      | Reached skill level 6 in Axes
  4457 | D:5      | Found a glowing silver altar of Zin.
  4469 | D:5      | Found a staircase to the Ecumenical Temple.
  4722 | D:6      | Reached skill level 1 in Stealth
  4722 | D:6      | Reached XP level 8. HP: 49/49 MP: 8/8
  4863 | D:6      | Reached skill level 7 in Axes
  5380 | D:7      | Noticed Pikel
  5390 | D:7      | Killed Pikel
  5391 | D:7      | Reached skill level 8 in Axes
  5391 | D:7      | Reached skill level 5 in Armour
  5391 | D:7      | Reached XP level 9. HP: 56/56 MP: 5/9
  5867 | D:7      | Reached **** piety under Trog
  5923 | D:7      | Found a stormy altar of Qazlal.
  6373 | D:7      | Reached skill level 9 in Axes
  6507 | D:8      | Found a staircase to the Lair.
  6598 | D:8      | Found a burning altar of Makhleb.
  6657 | D:8      | Found a basalt altar of Yredelemnul.
  6826 | D:8      | Noticed a two-headed ogre
  6837 | D:8      | Killed a two-headed ogre
  6838 | D:8      | Reached skill level 10 in Axes
  6838 | D:8      | Reached XP level 10. HP: 40/64 MP: 6/10
  7741 | Lair:1   | Entered Level 1 of the Lair of Beasts
  7744 | Lair:1   | Noticed a cane toad
  7756 | D:8      | Killed a cane toad
  7873 | Lair:1   | Noticed an eight-headed hydra
  7886 | Lair:1   | Killed a nine-headed hydra
  8120 | Lair:1   | Reached skill level 11 in Axes
  8474 | Lair:1   | Reached XP level 11. HP: 57/71 MP: 7/11
  8614 | Lair:1   | Found a shimmering altar of Xom.
  8614 | Lair:1   | Noticed Bruhh's ghost (novice DjEE)
  8614 | Lair:1   | Noticed a +1 flail of chaos
  8616 | Lair:1   | Found a runed translucent door.
  9028 | Lair:1   | Killed a +1 flail of chaos
  9051 | Lair:1   | Killed Bruhh's ghost
  9052 | Lair:1   | Reached skill level 5 in Dodging
  9349 | Lair:2   | Reached skill level 12 in Axes
  9627 | Lair:2   | Found a runed translucent door.
  9628 | Lair:2   | Noticed Lahyump's ghost (journeyman DjCj)
  9758 | Lair:2   | Acquired a manual of Dodging
 10290 | Lair:2   | Noticed a wolf spider
 10291 | Lair:2   | Found a hole to the Spider Nest.
 10305 | Lair:2   | Killed a wolf spider
 10336 | Lair:2   | Reached skill level 10 in Fighting
 10544 | Lair:2   | Noticed a mana viper
 10557 | Lair:2   | Noticed a mana viper
 10557 | Lair:2   | Noticed a mana viper
 10721 | Lair:2   | Reached XP level 12. HP: 56/77 MP: 8/12
 11142 | Lair:3   | Reached skill level 13 in Axes
 12552 | Lair:4   | Noticed Urug
 12735 | Lair:3   | Killed Urug
 12907 | Lair:4   | Noticed Rupert
 12924 | Lair:4   | HP: 2/120 [Rupert/+0 great mace of protection (12)]
 12925 | Lair:4   | Demolished by Rupert

Illustrated notes

Levels and vault maps discovered:
D:1:      arrival_zaba_pyramid, layout_basic
D:2:      layout_basic, uniq_jessica
D:3:      minmay_recursive_quarters, layout_loops_ring,
          kennysheep_okawaru_gauntlet, gammafunk_ghost_split
D:4:      layout_basic
D:5:      layout_rooms, led_xom_imps, mainiacjoe_overflow_boulevard,
          zin_academy, temple_doors_e
D:6:      layout_rooms
D:7:      layout_loops_ring, nicolae_overflow_hidden_temple, uniq_pikel
D:8:      layout_loops_corners, kennysheep_mini, overflow_temple_1_default,
          lair_entry_dummy, chequers_decorated_corner
D:9:      lemuel_castle_with_subvaults [lemuel_castle_interior_carwin_2],
          layout_irregular_city, minmay_orc_entry_temple_small,
          amcnicky_mini_rare_corridor_liquid, nicolae_elemental_shop,
          billiards_dpeg
Lair:1:   layout_long_grid, ebering_ghost_xom, st_stairs_5,
          chequers_serial_rivers_small_a, dpeg_stationary_puzzle,
          serial_bayou_shore_a
Lair:2:   layout_regular_city, spider_nest_entry_funnel_web,
          ebering_ghost_inner_flame, grunt_megastairs_4, serial_bayou_shore_b
Lair:3:   regret_index_bee_streams, layout_hall_layers,
          chequers_serial_rivers_room_b, chequers_serial_rivers_small_a
Lair:4:   layout_loops_ring, skrybe_swamp_entry_bodies, basic_altar,
          uniq_rupert, uniq_kirke, uniq_urug, uniq_snorg

Skill      XL: |  1  2  3  4  5  6  7  8  9 10 11 12 |
---------------+-------------------------------------+-----
Axes           | 3 4 5 6 8 10 11 12 13 | 13.7
Fighting       | 4 5 6 8 9 10 11 | 11.0
Armour         | 3 4 5 6 7 8 |  8.6
Dodging        | 2 3 4 6 |  6.6
Stealth        | 1 2 3 |  3.9
Throwing       | |  0.2

Action                   |  1- 3 |  4- 6 |  7- 9 | 10-12 || total
-------------------------+-------+-------+-------+-------++-------
Melee: Hand axe          |    26 |       |       |       ||    26
       Broad axe         |    37 |   100 |   188 |   447 ||   772
       Punch             |       |     1 |     1 |     4 ||     6
Throw: Dart              |       |       |       |    10 ||    10
Invok: Berserk           |       |     2 |     3 |     6 ||    11
       Trog's Hand       |       |     1 |     3 |     8 ||    12
       Brothers in Arms  |       |       |     1 |     1 ||     2
  Use: Scroll            |     2 |     7 |    10 |     6 ||    25
       Potion            |       |     1 |       |     2 ||     3
 Stab: Distracted        |       |       |       |     1 ||     1
       Invisible         |       |       |       |     1 ||     1
       Sleeping          |       |       |       |     1 ||     1
Armor: Animal skin       |    13 |       |       |       ||    13
       Ring mail         |    22 |    77 |   123 |   258 ||   480
Dodge: Dodged            |    52 |   114 |   209 |   490 ||   865

Table legend: (Time is in decaauts)
 A = Elapsed time spent in this place.
 B = Non-inter-level travel time spent in this place.
 C = Inter-level travel time spent in this place.
 D = Time resting spent in this place.
 E = Time spent auto-exploring this place.
 F = Levels seen in this place.
 G = Mean time per level.
                   A        B        C        D        E       F      G
               +--------+--------+--------+--------+--------+-----+--------+
         Total |  13131 |  12765 |    366 |    888 |   9645 |  13 | 1010.1 |
       Dungeon |   8131 |   7848 |    283 |    269 |   6255 |   9 |  903.4 |
          Lair |   4999 |   4917 |     82 |    619 |   3390 |   4 | 1249.8 |
               +--------+--------+--------+--------+--------+-----+--------+

Top non-repeatable levels by time:
  Lair:3: 1970 daAuts
  Lair:2: 1818 daAuts
     D:8: 1494 daAuts
     D:2: 1317 daAuts
     D:3: 1184 daAuts
  Lair:1: 1151 daAuts
     D:7: 1131 daAuts
     D:1: 890 daAuts
     D:5: 735 daAuts
     D:6: 698 daAuts
     D:4: 676 daAuts
  Lair:4: 59 daAuts
     D:9: 1 daAuts
